 Dungeon Crawl Stone Soup version 0.28.0-53-g5a82cb258f (webtiles) character file.

Game seed: 1963346058479494975

28754 cbfl8 the Severer (level 13, -1/119 HPs)
             Began as a Minotaur Berserker on July 28, 2022.
             Was a High Priest of Trog.
             Slain by a nine-headed hydra (3 damage)
             ... on level 14 of the Dungeon.
             The game lasted 00:17:10 (15258 turns).

cbfl8 the Severer (Minotaur Berserker)             Turns: 15258, Time: 00:17:11

Health: -1/119     AC: 17    Str: 22    XL:     13   Next: 11%
Magic:  12/12      EV: 11    Int:  4    God:    Trog [*****.]
Gold:   1082       SH:  0    Dex: 21    Spells: 12/12 levels left

rFire   . . .      SeeInvis +   S - +1 battleaxe (vorpal)
rCold   . . .      Faith    .   (shield currently unavailable)
rNeg    . . .      Spirit   .   s - +0 plate armour
rPois   .          Reflect  .   o - +2 hat of Bitterness {+Inv SInv}
rElec   .          Harm     .   C - scarf {shadows}
rCorr   .          Rampage  .   (no gloves)
Will    +....                   Q - +0 pair of boots
Stlth   ..........              J - amulet of regeneration
HPRegen 1.09/turn               b - +6 ring of dexterity
MPRegen 0.13/turn               B - ring of willpower

@: on berserk cooldown, slowed, very slow
A: horns 2, retaliatory headbutt
a: Renounce Religion, Evoke Invisibility, Berserk, Trog's Hand, Brothers in Arms


You were on level 14 of the Dungeon.
You worshipped Trog.
Trog was extremely pleased with you.
You visited 1 branch of the dungeon, and saw 14 of its levels.

You collected 1177 gold pieces.
You spent 95 gold pieces at shops.

Inventory:

Hand Weapons
 I - a +0 battleaxe of protection
 S - a +1 vorpal battleaxe (weapon)
Missiles
 E - 2 throwing nets
Armour
 o - the +2 hat of Bitterness (worn) {+Inv SInv}
   (You found it on level 3 of the Dungeon)

   SInv:      It lets you see invisible.
   +Inv:      It lets you turn invisible.
 s - a +0 plate armour (worn)
 C - a scarf of shadows (worn)
 L - the +1 chain mail of Riozat {Rampage Will+ Int+3 Dex-5}
   (You found it on level 8 of the Dungeon)

   Int:       It affects your intelligence (+3).
   Dex:       It affects your dexterity (-5).
   Rampage:   It bestows one free step when moving towards enemies.
   Will:      It increases your willpower.
 Q - a +0 pair of boots (worn)
Jewellery
 a - a ring of protection from fire
 b - a +6 ring of dexterity (left hand)
 g - an amulet of guardian spirit
 i - a ring of resist corrosion
 B - a ring of willpower (right hand)
 F - a ring of see invisible
 J - an amulet of regeneration (around neck)
 R - a +4 ring of protection
Wands
 u - a wand of acid (19)
 w - a wand of paralysis (17) (quivered)
 M - a wand of iceblast (8)
 T - a wand of digging (2)
Scrolls
 e - 2 scrolls of fog
 j - 6 scrolls of teleportation
 k - 2 scrolls of summoning
 l - a scroll of fear {unknown}
 n - a scroll of amnesia {unknown}
 p - 3 scrolls of noise
 y - a scroll of silence {unknown}
 z - a scroll of torment {unknown}
 D - 3 scrolls of enchant armour
 H - a scroll of magic mapping
 P - a scroll of enchant weapon {unknown}
Potions
 f - 7 potions of curing
 h - 5 potions of attraction
 m - a potion of ambrosia {unknown}
 r - a potion of flight {unknown}
 t - a potion of heal wounds
 v - 2 potions of might {unknown}
 x - 4 potions of lignification
 G - 4 potions of mutation
 K - 2 potions of brilliance {unknown}
 O - 3 potions of degeneration
Miscellaneous
 c - a phial of floods
 d - a tin of tremorstones (2/2)
 q - a phantom mirror
 A - a condenser vane
 N - a piece from Xom's chessboard (15/15)


   Skills:
 * Level 12.6 Fighting
 * Level 18.1 Axes
 + Level 9.9 Armour
 * Level 8.6 Dodging
 + Level 1.0 Stealth
 * Level 6.3 Evocations


You had 12 spell levels left.
You didn't know any spells.
Your spell library was empty.

Dungeon Overview and Level Annotations

Branches:
Dungeon (14/15)            Temple (0/1) D:4            Lair (0/6) D:8
    Orc (0/2) D:9          Vaults (0/5) D:13

Altars:
Xom
Beogh

Shops:
D:6 *   D:12 =::*


Innate Abilities, Weirdness & Mutations

You have a pair of horns on your head.
You reflexively headbutt those who attack you in melee.


Message History

The nine-headed hydra barely misses you.
The nine-headed hydra bites you but does no damage.
The nine-headed hydra barely misses you.
The nine-headed hydra bites you but does no damage.
The nine-headed hydra bites you!
* * * LOW HITPOINT WARNING * * *
The nine-headed hydra misses you.
The nine-headed hydra barely misses you.
The nine-headed hydra closely misses you. x4
The nine-headed hydra bites you.
* * * LOW HITPOINT WARNING * * *
The nine-headed hydra bites you but does no damage.
The nine-headed hydra bites you.
* * * LOW HITPOINT WARNING * * *
The nine-headed hydra barely misses you.
The nine-headed hydra bites you.
* * * LOW HITPOINT WARNING * * *
You feel much better.
The nine-headed hydra closely misses you.
The nine-headed hydra bites you. The nine-headed hydra bites you!
* * * LOW HITPOINT WARNING * * *
The nine-headed hydra bites you.
* * * LOW HITPOINT WARNING * * *
The nine-headed hydra bites you but does no damage. x4
The nine-headed hydra bites you.
* * * LOW HITPOINT WARNING * * *
Unknown command.
You feel much better.
The nine-headed hydra bites you but does no damage.
The nine-headed hydra bites you! The nine-headed hydra misses you.
The nine-headed hydra bites you!
* * * LOW HITPOINT WARNING * * *
The nine-headed hydra bites you!
* * * LOW HITPOINT WARNING * * *
The nine-headed hydra bites you!
* * * LOW HITPOINT WARNING * * *
The nine-headed hydra bites you!
* * * LOW HITPOINT WARNING * * *
The nine-headed hydra bites you.
You die...

#### #.. ####+####
#####D##
........####....@.#
........'.##......#
........#.##......#
.......<#.##....^.#
........#..#......#
........##.#......#
........##.#......#
.......>##.'......#
###'########......#


You could see a nine-headed hydra.

Vanquished Creatures
  A hydra (D:12)
  A centaur warrior (D:10)
  2 dancing weapons (D:13)
  5 two-headed ogres
  5 skeletal warriors (D:12)
  An orc knight (D:10)
  4 manticores
  2 ugly things
  2 cyclopes (D:13)
  A gargoyle (D:10)
  A kobold demonologist (D:13)
  3 unseen horrors
  A komodo dragon (D:12)
  A freezing wraith (D:14)
  A hornet (D:10)
  5 trolls
  A blink frog (shapeshifter) (D:13)
  5 slime creatures
  A centaur simulacrum (D:14)
  A shadow (D:12)
  A wraith (D:12)
  4 wyverns
  A vampire (D:10)
  2 basilisks
  14 yaks
  12 vampire mosquitoes
  4 acid dragons
  Duvessa (D:5)
  A water moccasin (D:8)
  The ghost of Stomo the Conjurer, an amateur KoCj (D:3)
  5 orc warriors
  A necrophage (D:5)
  3 sky beasts
  A boggart (D:14)
  2 ogres
  6 centaurs
  2 phantoms (D:5)
  A bullfrog (D:8)
  3 scorpions
  A water moccasin zombie (D:7)
  Dowan (D:5)
  24 killer bees
  3 vampire bats (D:3)
  3 wights (D:7)
  7 howler monkeys
  4 centaur zombies
  7 crimson imps (D:12)
  3 hounds
  4 jellies
  Crazy Yiuf (D:6)
  2 bullfrog skeletons
  9 orc priests
  2 centaur skeletons
  3 iguanas
  13 orc wizards
  3 killer bee zombies
  A hound skeleton (D:2)
  A howler monkey zombie (D:9)
  11 adders
  2 shadow imps
  A white imp (D:12)
  An ufetubus (D:7)
  3 worms
  60 orcs
  10 ball pythons
  4 endoplasms
  3 giant cockroaches (D:1)
  11 goblins
  5 hobgoblins
  13 jackals
  6 quokkas
  6 bats (D:3)
  3 frilled lizards
  7 kobolds
  6 rats
353 creatures vanquished.

Vanquished Creatures (others)
  17 plants (D:10)
  4 toadstools (D:2)
21 creatures vanquished.

Grand Total: 374 creatures vanquished

Notes
Turn   | Place    | Note
-------+----------+-------------------------------------------
     0 | D:1      | cbfl8 the Minotaur Berserker began the quest for the Orb.
     0 | D:1      | Reached XP level 1. HP: 19/19 MP: 0/0
   239 | D:1      | Reached XP level 2. HP: 27/27 MP: 1/1
   744 | D:1      | Reached skill level 4 in Axes
   933 | D:1      | Reached ** piety under Trog
  1079 | D:2      | Reached XP level 3. HP: 34/34 MP: 2/2
  1730 | D:2      | Reached XP level 4. HP: 40/41 MP: 3/3
  2534 | D:3      | Reached skill level 5 in Fighting
  2534 | D:3      | Reached XP level 5. HP: 48/48 MP: 4/4
  2565 | D:3      | Reached skill level 5 in Axes
  2593 | D:3      | Found a faded altar of an unknown god.
  2628 | D:3      | Found a runed translucent gate.
  2628 | D:3      | Found a runed translucent gate.
  2628 | D:3      | Found a runed translucent gate.
  2631 | D:3      | Noticed Stomo's ghost (amateur KoCj)
  2631 | D:3      | Identified the +0 leather armour "Pabehu" {Int+4 Dex+4}
  2754 | D:3      | Reached *** piety under Trog
  2814 | D:3      | Found a shimmering altar of Xom.
  2945 | D:3      | Reached XP level 6. HP: 30/57 MP: 5/5
  3282 | D:3      | Killed Stomo's ghost
  3304 | D:3      | Identified the +2 hat of Bitterness {+Inv SInv}
  3373 | D:4      | Reached skill level 6 in Axes
  3373 | D:4      | Reached XP level 7. HP: 54/64 MP: 6/6
  3671 | D:4      | Found a staircase to the Ecumenical Temple.
  4099 | D:5      | Entered Level 5 of the Dungeon
  4355 | D:5      | Reached skill level 5 in Armour
  4416 | D:5      | Noticed Duvessa
  4416 | D:5      | Noticed Dowan
  4425 | D:5      | Killed Duvessa
  4426 | D:5      | Reached skill level 7 in Axes
  4426 | D:5      | Reached XP level 8. HP: 73/73 MP: 7/7
  4726 | D:5      | Killed Dowan
  4752 | D:5      | Reached skill level 1 in Evocations
  4936 | D:5      | Reached skill level 8 in Axes
  5380 | D:6      | Reached **** piety under Trog
  5479 | D:6      | Found Bafoem's General Store.
  5486 | D:6      | Bought a +0 broad axe for 44 gold pieces
  5693 | D:6      | Noticed a troll
  5921 | D:6      | Found a runed translucent door.
  5922 | D:6      | Noticed Crazy Yiuf
  6087 | D:6      | Killed Crazy Yiuf
  6129 | D:7      | Reached skill level 9 in Axes
  6226 | D:7      | Reached skill level 5 in Dodging
  6226 | D:7      | Reached XP level 9. HP: 68/81 MP: 8/8
  6484 | D:7      | Reached skill level 10 in Axes
  7769 | D:8      | Noticed a two-headed ogre
  7776 | D:8      | Killed a two-headed ogre
  7777 | D:8      | Reached skill level 11 in Axes
  8291 | D:8      | Reached XP level 10. HP: 69/90 MP: 9/9
  8296 | D:8      | Reached skill level 12 in Axes
  8895 | D:8      | Identified the +1 chain mail of Riozat {Rampage Will+ Int+3
                  | Dex-5}
  8952 | D:8      | Found a staircase to the Lair.
  9542 | D:9      | Found a staircase to the Orcish Mines.
  9928 | D:9      | Reached skill level 13 in Axes
 10106 | D:9      | Identified the +3 ring mail of the Pit {Harm Stlth+}
 10652 | D:10     | Entered Level 10 of the Dungeon
 10738 | D:10     | Reached skill level 14 in Axes
 10867 | D:10     | Noticed a two-headed ogre
 10874 | D:10     | Killed a two-headed ogre
 10875 | D:10     | Reached XP level 11. HP: 61/99 MP: 10/10
 11127 | D:10     | Reached ***** piety under Trog
 11300 | D:10     | Reached skill level 10 in Fighting
 11303 | D:10     | Noticed a two-headed ogre
 11310 | D:10     | Killed a two-headed ogre
 11581 | D:10     | Noticed an orc knight
 11596 | D:10     | Killed an orc knight
 11703 | D:10     | Noticed a centaur warrior
 11708 | D:10     | Killed a centaur warrior
 11709 | D:10     | Reached skill level 15 in Axes
 11921 | D:10     | Noticed a two-headed ogre
 11925 | D:10     | Killed a two-headed ogre
 11926 | D:10     | Reached skill level 5 in Evocations
 12183 | D:11     | Noticed a white ugly thing
 12189 | D:11     | Killed a white ugly thing
 12651 | D:11     | Identified the +2 helmet of Divine Compulsion {SInv}
 12882 | D:12     | Found Foser's Jewellery Shop.
 12928 | D:12     | Reached skill level 16 in Axes
 12945 | D:12     | Reached XP level 12. HP: 102/110 MP: 11/11
 12980 | D:12     | Found Molap's Book Emporium.
 13251 | D:12     | Noticed a five-headed hydra
 13263 | D:12     | Killed a 12-headed hydra
 13365 | D:12     | Found Gyt Udui's Book Shoppe.
 13407 | D:12     | Found Huex's General Store.
 13410 | D:12     | Noticed a two-headed ogre
 13414 | D:12     | Killed a two-headed ogre
 13444 | D:12     | Bought a scroll of teleportation for 51 gold pieces
 13540 | D:12     | Reached skill level 17 in Axes
 14159 | D:13     | Found a gate to the Vaults.
 14312 | D:13     | Received a gift from Trog
 14812 | D:13     | Reached skill level 1 in Stealth
 14884 | D:13     | Reached skill level 18 in Axes
 14884 | D:13     | Reached XP level 13. HP: 112/119 MP: 12/12
 15258 | D:14     | HP: 2/119 [nine-headed hydra (7)]
 15258 | D:14     | Slain by a nine-headed hydra

Illustrated notes

Levels and vault maps discovered:
D:1:      dpeg_arrival_oval, layout_loops_ring, chequers_garden
D:2:      layout_basic, minmay_gold_behind_fungi, palyth_stone_intersect
D:3:      layout_basic, mainiacjoe_overflow_small_starburst,
          ebering_ecumenical_altar_box, biasface_ghost_orc_armoury,
          roderic_batcave
D:4:      layout_cave_pools, minmay_temple_entry_poolview
D:5:      layout_rooms, chequers_serial_rivers_small_a, uniq_duvessa
D:6:      layout_loops_ring, serial_shops, nicolae_shop_crystal,
          uniq_crazy_yiuf_cottage
D:7:      layout_rooms
D:8:      layout_cave_pods, erik_lair_dragon
D:9:      layout_basic, hiddenorc2_lemuel
D:10:     nzn_winding_woodlands_three_and_one
          [nzn_winding_woodlands_5x15_garden, nzn_winding_woodlands_5x15_pool,
          nzn_winding_woodlands_5x15_lazy_stream,
          nzn_winding_woodlands_center_garden], layout_gridville
D:11:     layout_rooms
D:12:     layout_roguey, serial_shops, nicolae_stop_n_shop_2,
          nicolae_stop_n_shop_1, shop, nicolae_shop_crystal,
          hellmonk_bongcloud_opening, minmay_misc_feat_rugged,
          hangedman_glass_teeth, hangedman_abyss_or_decor_lesser_grid,
          minmay_nine_imps
D:13:     layout_roguey, erik_vaults_1
D:14:     layout_roguey

Skill      XL: |  1  2  3  4  5  6  7  8  9 10 11 12 |
---------------+-------------------------------------+-----
Fighting       | 4 5 6 7 8 9 11 12 | 12.6
Axes           | 4 5 6 7 9 11 14 16 18 | 18.1
Armour         | 3 4 5 6 7 9 |  9.9
Dodging        | 3 4 5 6 7 8 |  8.6
Evocations     | 2 3 4 5 6 |  6.3
Stealth        | 1 |  1.0

Action                   |  1- 3 |  4- 6 |  7- 9 | 10-12 | 13-15 || total
-------------------------+-------+-------+-------+-------+-------++-------
Melee: Hand axe          |    89 |   113 |   135 |       |       ||   337
       Headbutt          |    11 |    12 |    49 |   122 |    12 ||   206
       Punch             |     1 |     1 |     3 |       |       ||     5
       Broad axe         |       |       |    74 |       |       ||    74
       Battleaxe         |       |       |    57 |   471 |    37 ||   565
Invok: Berserk           |       |     2 |     7 |    14 |     2 ||    25
  Use: Scroll            |       |       |       |    14 |     3 ||    17
       Potion            |       |       |       |       |     3 ||     3
 Stab: Sleeping          |     1 |       |       |       |       ||     1
Armor: Animal skin       |     2 |       |       |       |       ||     2
       Ring mail         |    19 |    62 |    13 |       |       ||    94
       Plate armour      |       |       |   164 |   294 |    72 ||   530
       Chain mail        |       |       |     3 |       |       ||     3
Dodge: Dodged            |    54 |    94 |   136 |   291 |    65 ||   640
